 Dungeon Crawl Stone Soup version 0.20.0-4-g10b340a (webtiles) character file.

73 SedStubbie the Magician (level 4, -4/30 HPs)
             Began as a Mummy Fire Elementalist on May 27, 2017.
             Slain by a scorpion (7 damage)
             ... on level 3 of the Dungeon.
             The game lasted 00:13:26 (2365 turns).

SedStubbie the Magician (Mummy Fire Elementalist)   Turns: 2365, Time: 00:13:27

Health: -4/30      AC:  4    Str: 11    XL:     4   Next: 8%
Magic:  0/9        EV: 12    Int: 15    God:
Gold:   124        SH:  0    Dex: 12    Spells: 7/10 levels left

rFire    x . .     SeeInvis .   e - +0 short sword
rCold    + . .     Gourm    .   (no shield)
rNeg     + + +     Faith    .   a - +0 robe
rPois    ∞         Spirit   .   (no helmet)
rElec    .         Reflect  .   (no cloak)
rCorr    .         Harm     .   g - +0 pair of gloves
MR       .....                  d - +0 pair of boots
Stlth    ++........             (no amulet)
Regen    0.1/turn               (no ring)
MPRegen  0.2/turn               (no ring)

@: very slightly contaminated
A: no food or potions, fire vulnerability, cold resistance 1, negative energy
resistance 3, torment resistance, unbreathing
a: no special abilities


You were on level 3 of the Dungeon.
You were not hungry.

You visited 1 branch of the dungeon, and saw 3 of its levels.

You collected 124 gold pieces.

Inventory:

Hand Weapons
 e - a +0 short sword (weapon)
Armour
 a - a +0 robe (worn)
 d - a +0 pair of boots (worn)
 g - a +0 pair of gloves (worn)
Scrolls
 c - 2 scrolls of identify {unknown}
 f - a scroll of magic mapping {unknown}
 h - 2 scrolls of remove curse {unknown}
 i - a scroll of enchant weapon {unknown}
Books
 b - a book of Flames

   Spells                             Type                      Level
   a - Flame Tongue                   Conjuration/Fire             1
   b - Throw Flame                    Conjuration/Fire             2
   c - Conjure Flame                  Conjuration/Fire             3
   d - Inner Flame                    Hexes/Fire                   3
   e - Sticky Flame                   Conjuration/Fire             4
   f - Fireball                       Conjuration/Fire             5


   Skills:
 - Level 2.0 Dodging
 - Level 1.5 Stealth
 + Level 3.9 Spellcasting
 + Level 1.6 Conjurations
 + Level 2.8 Fire Magic


You had 7 spell levels left.
You knew the following spells:

 Your Spells              Type           Power        Failure   Level  Hunger
a - Flame Tongue          Conj/Fire      #....        7%          1    N/A
b - Throw Flame           Conj/Fire      #.....       11%         2    N/A

Dungeon Overview and Level Annotations

Branches:
Dungeon (3/15)

Altars:


Innate Abilities, Weirdness & Mutations

You do not eat or drink.
Your flesh is vulnerable to fire.
You are immune to poison.
Your flesh is cold resistant. (rC+)
You are immune to negative energy. (rN+++)
You are immune to unholy pain and torment.
You can survive without breathing.


Message History

Confirm with . or Enter, or press ? or * to list all spells.
Okay, then.
Unknown command.
Casting: Flame Tongue
Confirm with . or Enter, or press ? or * to list all spells.
Aiming: Throw Flame
Press: ? - help, Shift-Dir - straight line, f/p - scorpion
Aim: a scorpion (severely wounded)
The puff of flame hits the scorpion.
The scorpion appears unharmed.
The scorpion is severely wounded.
The scorpion stings you but does no damage.
Casting: Throw Flame
Confirm with . or Enter, or press ? or * to list all spells.
Aiming: Throw Flame
Press: ? - help, Shift-Dir - straight line, f/p - scorpion
Aim: a scorpion (severely wounded)
You miscast Throw Flame.
You are very lightly contaminated with residual magic.
Sparks fly from your hands! The scorpion stings you!
You die...

#.# #.#### #.##.##
######.#...####
..............+
#......# # #.#.#..##
#. #.##.# #.. #@##.#
#..##s##.#########+#
#................#.#
#.##...##..#####.#.#
##.###..# #.#.##
#.###..#####....##
#$........##.....#
#####..##.##....##
#..## ##.#.###


You could see a scorpion.

Vanquished Creatures
  2 adders
  A dart slug (D:1)
  6 bats
  2 giant cockroaches
  8 goblins
  5 hobgoblins
  7 jackals
  3 kobolds
  A quokka (D:2)
  A ball python (D:3)
  5 frilled lizards
  9 rats
50 creatures vanquished.

Notes
Turn   | Place    | Note
-------+----------+-------------------------------------------
     0 | D:1      | SedStubbie the Mummy Fire Elementalist began the quest for the Orb.
     0 | D:1      | Reached XP level 1. HP: 13/13 MP: 4/4
    45 | D:1      | Reached skill level 1 in Conjurations
   218 | D:1      | Reached XP level 2. HP: 15/19 MP: 0/5
   321 | D:1      | Reached skill level 3 in Spellcasting
   839 | D:2      | Reached XP level 3. HP: 24/24 MP: 3/7
   894 | D:1      | Learned a level 2 spell: Throw Flame
  2135 | D:3      | Reached XP level 4. HP: 30/30 MP: 9/9
  2345 | D:3      | HP: 1/30 [scorpion (5)]
  2365 | D:3      | Slain by a scorpion

Skill      XL: |  1  2 |
---------------+-------+-----
Conjurations   | 1 |  1.6
Spellcasting   | 3 |  3.9
Dodging        | 2 |  2.0
Stealth        | |  1.5
Fire Magic     | |  2.8

Action                   |  1- 3 |  4- 6 || total
-------------------------+-------+-------++-------
Melee: Unarmed           |    62 |       ||    62
       Short sword       |    29 |     4 ||    33
 Cast: Flame Tongue      |    49 |    18 ||    67
       Throw Flame       |     9 |     1 ||    10
 Stab: Sleeping          |     5 |     2 ||     7
Armor: Robe              |    27 |     3 ||    30
Dodge: Dodged            |    86 |    12 ||    98
